 Adventure DCSS version bcrawl-1.27.3 (webtiles) character file.

Game seed: 1575237459588667012

64799 galech the Skirmisher (level 2, 24/24 HPs)
             Began as a Demonspawn Fighter on Aug 4, 2020.
             Quit the game on level 2 of the Dungeon.
             The game lasted 00:01:52 (1135 turns).

galech the Skirmisher (Demonspawn Fighter)          Turns: 1135, Time: 00:01:53

Health: 24/24      AC: 14    Str: 17    XL:     2   Next: 17%
Magic:  2/2        EV:  5    Int: 10    God:
Gold:   33         SH:  9    Dex: 12    Spells: 1/1 levels left
                                        Lives:  0   Deaths: 2

rFire    . . .     SeeInvis .   a - +0 war axe
rCold    . . .     Gourm    .   c - +0 medium shield
rNeg     . . .     Faith    .   b - +0 scale mail
rPois    .         Spirit   .   l - +0 helmet (curse)
rElec    .         Reflect  .   (no cloak)
rCorr    .         Harm     .   (no gloves)
MR       .....                  j - +0 pair of boots
Stlth    ..........             (no amulet)
HPRegen  0.08/turn              m - +5 ring of protection
MPRegen  0.08/turn              (no ring)

@: no status effects
A: powered by death 2
a: no special abilities


You were on level 2 of the Dungeon.
You were not hungry.

You visited 1 branch of the dungeon, and saw 2 of its levels.

You collected 33 gold pieces.

Inventory:

Hand Weapons
 a - a +0 war axe (weapon)
Armour
 b - a +0 scale mail (worn)
 c - a +0 medium shield (worn)
 j - a +0 pair of boots (worn)
 l - a cursed +0 helmet (worn)
Jewellery
 m - a +5 ring of protection (left hand)
Scrolls
 k - 2 scrolls of immolation
Potions
 d - a potion of might
 f - 3 potions of curing
 h - 2 potions of ambrosia {unknown}
 i - a potion of mutation {unknown}
Comestibles
 e - 3 rations {!d}
 g - 3 chunks of flesh


   Skills:
 + Level 3.4 Fighting
 + Level 2.6 Axes
 + Level 3.2 Armour
 + Level 0.4 Dodging
 + Level 0.2 Stealth
 + Level 3.2 Shields


You had one spell level left.
You didn't know any spells.
Your spell library was empty.

Dungeon Overview and Level Annotations

Branches:
Dungeon (2/12)

Altars:
Fedhas


Innate Abilities, Weirdness & Mutations

You regenerate health from kills.


Message History

You are too injured to fight recklessly!
You are too injured to fight recklessly!
You are too injured to fight recklessly!
You are too injured to fight recklessly!
You are too injured to fight recklessly!
You are too injured to fight recklessly!
You are too injured to fight recklessly!
You are too injured to fight recklessly!
You are too injured to fight recklessly!
You are too injured to fight recklessly!
Your shield and scale mail prevent you from hitting the ogre.
The ogre is moderately wounded.
The ogre hits you with a +0 giant spiked club!!
Ouch! That really hurt!
You die...
Xom reaches out...
You are now level 2!
You rejoin the land of the living...
Found a stone staircase leading down.
Are you sure you want to abandon this character and quit the game? (Confirm with "yes".)

###
..#
#.#
##.##
...
#.##.#
#@.>.#
######


There were no monsters in sight!

Vanquished Creatures
  An iguana (D:2)
  3 worms
  2 dart slugs
  3 leopard geckos
  A ball python (D:2)
  3 giant cockroaches
  6 hobgoblins
  3 kobolds (D:1)
  A quokka (D:2)
  7 bats
  3 frilled lizards
  4 goblins
  A rat (D:1)
38 creatures vanquished.

Notes
Turn   | Place    | Note
-------+----------+-------------------------------------------
     0 | D:1      | galech the Demonspawn Fighter began the quest for the Orb.
     0 | D:1      | Reached XP level 1. HP: 18/18 MP: 1/1
   326 | D:1      | Gained mutation: You regenerate a little health from kills.
                  | [demonic ancestry]
   326 | D:1      | Reached XP level 2. HP: 24/24 MP: 2/2
   656 | D:1      | Reached XP level 3. HP: 29/29 MP: 3/3
   836 | D:2      | Gained mutation: You regenerate health from kills. [demonic
                  | ancestry]
   836 | D:2      | Reached XP level 4. HP: 35/35 MP: 4/4
   959 | D:2      | Found a blossoming altar of Fedhas.
  1094 | D:2      | Noticed an ogre
  1098 | D:2      | Demolished by an ogre
  1099 | D:2      | Reached XP level 3. HP: -15/29 MP: 3/3
  1134 | D:2      | Mangled by an ogre
  1135 | D:2      | Reached XP level 2. HP: -9/24 MP: 2/2
  1135 | D:2      | Quit the game

Skill      XL: |  1  2  3 |
---------------+----------+-----
Shields        | 3 |  3.2
Axes           | 2 |  2.6
Armour         | 3 |  3.2
Fighting       | |  3.4
Dodging        | |  0.4
Stealth        | |  0.2

Action                   |  1- 3 |  4- 6 || total
-------------------------+-------+-------++-------
Melee: War axe           |   101 |    36 ||   137
  Use: Scroll            |       |     2 ||     2
       Potion            |       |     1 ||     1
  Eat: Chunk             |     4 |     2 ||     6
Armor: Scale mail        |    64 |    13 ||    77
Dodge: Dodged            |    21 |     8 ||    29
Block: Medium shield     |    56 |    18 ||    74
